[Event "Titled Tuesday Blitz February 14 Early 2023"]
[White "Grigorjev, Iljya"]
[Black "Sarana, Alexey"]
[WhiteFideId "24159565"]
[BlackFideId "24133795"]
[WhiteElo "2426"]
[BlackElo "2685"]
[Result "1-0"]
[Round "04"]
[TimeControl "180+2"]
[Date "2023.02.15"]
[WhiteClock "0:00:09"]
[BlackClock "0:00:01"]

1. c4 e5 2. Nc3 Nf6 3. Nf3 Nc6 4. e4 g6 5. d4 exd4 6. Nxd4 Bg7 7. Be3 Ng4 8. Qxg4 Nxd4 9. Qd1 c5 10. Bd3 O-O 11. O-O d6 12. Nd5 Be6 13. Rc1 Bxd5 14. exd5 Qh4 15. Re1 Rae8 16. g3 Qh3 17. Bf1 Qf5 18. Bg2 h5 19. Bf4 Qd7 20. Qd3 b6 21. h4 Kh7 22. b3 Be5 23. Bg5 Qg4 24. Re4 Qf5 25. Rce1 Bg7 26. Qd1 Re5 27. Be7 Re8 28. Rxe5 dxe5 29. d6 Qd7 30. Bd5 f5 31. Bf7 Rxe7 32. dxe7 Qxe7 33. Bd5 e4 34. Kg2 Be5 35. Bxe4 fxe4 36. Rxe4 Qb7 37. Qd3 Bf6 38. Kg1 Qd7 39. Qe3 Qf5 40. Re8 Qd7 41. Qe4 Kg7 42. Rb8 Nc6 43. Ra8 Bd4 44. Re8 Qd6 45. Kg2 Qd7 46. Re6 Ne5 47. Rxe5 Bxe5 48. Qxe5+ Kh7 49. Qd5 Qe7 50. a4 Kg7 51. Qc6 Kh7 52. Qd5 Kg7 53. Kf3 Kh7 54. Qe4 Qf6+ 55. Qf4 Qc3+ 56. Qe3 Qf6+ 57. Kg2 Qc6+ 58. f3 Qd7 59. Qe4 Qd2+ 60. Kh3 Qd7+ 61. g4 hxg4+ 62. Qxg4 Qf7 63. Qe4 Qd7+ 64. Kg3 Qd6+ 65. Qf4 Qe7 66. Qe4 Qd6+ 67. Kg4 Qd7+ 68. Kg5 Qd2+ 69. Kf6 Qc3+ 70. Kf7 Qg7+ 71. Ke6 Qc3 72. h5 Qxb3 73. Kf7 Qxa4 74. Qxg6+ 1-0


[Site "https://www.chess.com"]

[Event "Titled Tuesday Blitz February 14 Early 2023"]
[White "Madaminov, Mukhiddin"]
[Black "Narayanan.S.L"]
[WhiteFideId "14210703"]
[BlackFideId "5058422"]
[WhiteElo "2422"]
[BlackElo "2660"]
[Result "1-0"]
[Round "04"]
[TimeControl "180+2"]
[Date "2023.02.15"]
[WhiteClock "0:01:39"]
[BlackClock "0:01:18"]

1. d4 d5 2. Nc3 c6 3. Bf4 Bf5 4. f3 e6 5. g4 Bg6 6. h4 h5 7. g5 Bd6 8. Nh3 Ne7 9. Qd2 Bf5 10. O-O-O Bxh3 11. Bxh3 Bxf4 12. Qxf4 Ng6 13. Qg3 Na6 14. e4 Qc7 15. e5 Ne7 16. g6 Nxg6 17. Bxe6 fxe6 18. Qxg6+ Qf7 19. Rdg1 O-O 20. Ne2 c5 21. Qh6 cxd4 22. Rg5 d3 23. Rhg1 1-0


[Site "https://www.chess.com"]

[Event "Titled Tuesday Blitz February 14 Early 2023"]
[White "Grigoriants, Sergey"]
[Black "Tsydypov, Zhamsaran"]
[WhiteFideId "4130804"]
[BlackFideId "4108566"]
[WhiteElo "2562"]
[BlackElo "2518"]
[Result "1/2-1/2"]
[Round "04"]
[TimeControl "180+2"]
[Date "2023.02.15"]
[WhiteClock "0:00:07"]
[BlackClock "0:00:11"]

1. e4 c5 2. Nf3 d6 3. Bb5+ Nd7 4. O-O Nf6 5. Re1 e6 6. c3 a6 7. Bf1 Be7 8. d4 O-O 9. h3 b5 10. Bf4 Bb7 11. Nbd2 Nb6 12. Rc1 Rc8 13. b3 cxd4 14. cxd4 Qd7 15. Bd3 Rfd8 16. Be3 d5 17. e5 Ne4 18. Nb1 h6 19. Nh2 Bb4 20. Re2 Qe7 21. Rec2 f6 22. exf6 Nxf6 23. Nf3 Nfd7 24. Bf4 Bd6 25. Bxd6 Qxd6 26. Qe2 Rf8 27. Rxc8 Nxc8 28. Nbd2 Ne7 29. Nf1 Nc6 30. Bb1 Rf6 31. Ng3 Nf8 32. Qe3 Rf7 33. Ne2 Nd7 34. Qd3 Nf6 35. Ng3 Qf4 36. Qe3 Qxe3 37. fxe3 Nd7 38. Ne2 g5 39. Nh2 Kg7 40. Ng4 h5 41. Nf2 e5 42. dxe5 Ndxe5 43. Nd4 Nxd4 44. exd4 Nc6 45. Rd1 Rf4 46. Nd3 Rxd4 47. Re1 Bc8 48. Rc1 Bd7 49. Nc5 Be8 50. Ne6+ Kf6 51. Nxd4 Nxd4 52. Kf2 Ne6 53. Bd3 Nf4 54. Bf1 h4 55. g3 hxg3+ 56. Kxg3 d4 57. h4 Nh5+ 58. Kg4 gxh4 59. Kxh4 Nf4 60. Kg4 Ng6 61. Kf3 Ne7 62. Ke4 Nc6 63. Bh3 Bg6+ 64. Kd5 Nb4+ 65. Kxd4 Nxa2 66. Rc6+ Kg5 67. Rxa6 Nb4 68. Rb6 Be8 69. Bf1 Nc2+ 70. Kc3 Ne3 71. Bxb5 Nd5+ 72. Kd4 Nxb6 73. Bxe8 Kf6 74. Kc5 Nc8 75. Bd7 Ne7 76. b4 Ke5 77. b5 Nd5 78. Bc6 Nc7 79. b6 Na6+ 80. Kb5 Nb8 81. Kc5 Na6+ 82. Kb5 Nb8 83. Kc5 Na6+ 1/2-1/2


[Site "https://www.chess.com"]

[Event "Titled Tuesday Blitz February 14 Early 2023"]
[White "Maksimovic, Bojan"]
[Black "Van Foreest, Jorden"]
[WhiteFideId "14408120"]
[BlackFideId "1039784"]
[WhiteElo "2486"]
[BlackElo "2689"]
[Result "1/2-1/2"]
[Round "04"]
[TimeControl "180+2"]
[Date "2023.02.15"]
[WhiteClock "0:00:07"]
[BlackClock "0:00:26"]

1. e4 c6 2. d4 d5 3. Nd2 dxe4 4. Nxe4 Nf6 5. Nxf6+ exf6 6. c3 Bd6 7. Bd3 O-O 8. Qc2 Re8+ 9. Ne2 c5 10. O-O g6 11. dxc5 Bxc5 12. Bf4 Nc6 13. Rad1 Qe7 14. h3 a6 15. Bg3 Ne5 16. Nf4 Nxd3 17. Nd5 Qd8 18. Qxd3 Be6 19. Nc7 Qxd3 20. Rxd3 Bc4 21. Nxe8 Rxe8 22. Rdd1 Bxf1 23. Kxf1 Kg7 24. Rd7 b5 25. Bd6 Rc8 26. Rc7 Rxc7 27. Bxc7 f5 28. Be5+ f6 29. Bd4 Bxd4 30. cxd4 Kf7 31. Ke2 Ke6 32. Kd3 Kd5 33. a3 a5 34. Kc3 f4 35. f3 g5 36. b4 a4 37. Kd3 h5 38. Kc3 f5 39. Kd3 Kd6 40. Kc3 Kc6 41. Kd3 Kd5 42. Kc3 g4 43. Kd3 Ke6 44. h4 Kd6 45. Kc3 Kd5 46. Kd3 Kd6 47. Kc3 Kd5 48. Kd3 Kd6 1/2-1/2


[Site "https://www.chess.com"]

[Event "Titled Tuesday Blitz February 14 Early 2023"]
[White "Pichot, Alan"]
[Black "Bok, Benjamin"]
[WhiteFideId "110973"]
[BlackFideId "1017063"]
[WhiteElo "2638"]
[BlackElo "2607"]
[Result "0-1"]
[Round "04"]
[TimeControl "180+2"]
[Date "2023.02.15"]
[WhiteClock "0:00:09"]
[BlackClock "0:00:18"]

1. e4 e5 2. Nf3 Nc6 3. Bc4 Bc5 4. c3 Nf6 5. d4 exd4 6. b4 Bb6 7. e5 d5 8. exf6 dxc4 9. Qe2+ Be6 10. b5 Na5 11. fxg7 Rg8 12. Bg5 Qd5 13. Nbd2 d3 14. Ne4 Qxg5 15. Nfxg5 dxe2 16. Nf6+ Ke7 17. Nxg8+ Rxg8 18. Nxe6 fxe6 19. Kxe2 Rxg7 20. g3 Rg5 21. Rab1 Re5+ 22. Kf1 c6 23. bxc6 Nxc6 24. Rb2 Rd5 25. Kg2 Ne5 26. Re2 Nd3 27. f4 Ra5 28. h4 Ra3 29. f5 e5 30. Rf1 Rxc3 31. g4 Kf7 32. Rd2 Nf4+ 33. Kh1 Rh3+ 34. Rh2 Rxh2+ 35. Kxh2 c3 36. Rc1 Bd4 37. g5 Nd3 38. Rc2 Nb4 39. Rc1 Nxa2 40. Rc2 Nb4 41. Rc1 c2 42. h5 Be3 43. g6+ hxg6 44. fxg6+ Kg7 0-1


[Site "https://www.chess.com"]

[Event "Titled Tuesday Blitz February 14 Early 2023"]
[White "Timofeev, Artyom"]
[Black "Samunenkov, Ihor"]
[WhiteFideId "4140419"]
[BlackFideId "14187086"]
[WhiteElo "2567"]
[BlackElo "2501"]
[Result "0-1"]
[Round "04"]
[TimeControl "180+2"]
[Date "2023.02.15"]
[WhiteClock "0:00:07"]
[BlackClock "0:00:05"]

1. e4 c5 2. Nf3 Nc6 3. d4 cxd4 4. Nxd4 Nf6 5. Nc3 e5 6. Nf5 d5 7. exd5 Bxf5 8. dxc6 Qxd1+ 9. Nxd1 bxc6 10. Ne3 Bg6 11. Bd3 Bxd3 12. cxd3 O-O-O 13. Ke2 Nd5 14. Nc4 Bc5 15. Be3 Bxe3 16. fxe3 Rhe8 17. Rhf1 f6 18. Rac1 Re6 19. a3 Kc7 20. g3 Nb6 21. Na5 Rd5 22. b4 Na4 23. Rc2 Kb6 24. Rfc1 c5 25. Nc4+ Ka6 26. Rb1 cxb4 27. axb4 Nb6 28. Nd2 Kb7 29. Ne4 Kb8 30. Rbc1 Re7 31. g4 Rd8 32. Nc5 Rc8 33. e4 Rf7 34. Ke3 Re7 35. h4 h6 36. h5 Ka8 37. Nb3 Rxc2 38. Rxc2 Kb8 39. Rc6 Rc7 40. Re6 Rc3 41. Nc5 Nc4+ 42. Kf2 Rc2+ 43. Kg3 Nd2 44. g5 Nf1+ 45. Kg4 fxg5 46. Kf5 Ne3+ 47. Kg6 g4 48. Kxg7 g3 49. Rg6 g2 50. Kxh6 Rc1 51. Nd7+ Kc7 52. Nxe5 g1=Q 53. Rxg1 Rxg1 54. Nf3 Rg3 55. Nd4 Ng4+ 56. Kg5 Rxd3 57. Ne6+ Kd6 58. Nc5 Rg3 59. h6 Ne5+ 60. Kf5 Rh3 61. Nb7+ Kc6 62. Na5+ Kd6 63. Nb7+ Kc7 64. Nc5 Nf7 65. Ne6+ Kd6 66. Nf4 Nxh6+ 67. Kg5 Rh1 68. Ng6 Nf7+ 69. Kf6 Rf1+ 70. Kg7 Ne5 71. Nh4 Nc6 72. Nf5+ Ke5 73. Ne3 Rg1+ 74. Kf7 Kxe4 75. b5 Kxe3 76. bxc6 Rc1 0-1


[Site "https://www.chess.com"]

[Event "Titled Tuesday Blitz February 14 Early 2023"]
[White "Sanal, Vahap"]
[Black "Kilic, Eray"]
[WhiteFideId "6300545"]
[BlackFideId "44517173"]
[WhiteElo "2600"]
[BlackElo "2414"]
[Result "1-0"]
[Round "04"]
[TimeControl "180+2"]
[Date "2023.02.15"]
[WhiteClock "0:00:05"]
[BlackClock "0:00:02"]

1. Nf3 Nf6 2. g3 g6 3. Bg2 Bg7 4. d4 O-O 5. O-O d5 6. c3 Nbd7 7. a4 c5 8. a5 cxd4 9. cxd4 Ne4 10. Nc3 Ndf6 11. Ne5 Nxc3 12. bxc3 Ne4 13. Qb3 e6 14. c4 Nc5 15. Qb5 Nd7 16. Ba3 Re8 17. cxd5 Nxe5 18. dxe5 exd5 19. f4 Be6 20. Rfd1 a6 21. Qxb7 Qxa5 22. Bd6 Qc3 23. Qb6 Qc4 24. Bf3 Rec8 25. Qd4 Qxd4+ 26. Rxd4 Rc6 27. Bb4 Rd8 28. e4 Rc4 29. Rad1 Rb8 30. exd5 Rcxb4 31. dxe6 fxe6 32. Rxb4 Rxb4 33. Rd6 g5 34. fxg5 Bxe5 35. Rxa6 Bd4+ 36. Kg2 Rb2+ 37. Kh3 Kf7 38. Ra4 Bg1 39. Bg2 Kg6 40. Re4 Rb6 41. Re1 Bf2 42. Re2 Bd4 43. Kg4 Bc3 44. h4 Rb4+ 45. Be4+ Kg7 46. Kh3 e5 47. Rc2 Rb3 48. Kg4 Be1 49. Rc7+ Kf8 50. Rxh7 Rxg3+ 51. Kf5 Bc3 52. h5 Bd2 53. g6 Kg8 54. h6 Rg5+ 55. Kf6 Rg1 56. Rg7+ Kh8 57. Rd7 1-0


[Site "https://www.chess.com"]

[Event "Titled Tuesday Blitz February 14 Early 2023"]
[White "Galchenko, Matvey"]
[Black "Vokhidov, Shamsiddin"]
[WhiteFideId "24175480"]
[BlackFideId "14204223"]
[WhiteElo "2438"]
[BlackElo "2586"]
[Result "0-1"]
[Round "04"]
[TimeControl "180+2"]
[Date "2023.02.15"]
[WhiteClock "0:00:05"]
[BlackClock "0:00:55"]

1. d4 Nf6 2. c4 e6 3. g3 d5 4. Nf3 dxc4 5. Bg2 Nbd7 6. O-O c6 7. a4 a5 8. Qc2 b5 9. b3 cxb3 10. Qxb3 b4 11. Ne5 Nxe5 12. dxe5 Nd5 13. Rd1 Qc7 14. Bb2 Be7 15. Nd2 O-O 16. Rac1 Ba6 17. e3 Rfd8 18. Ne4 c5 19. Nd6 Qc6 20. Rxd5 c4 21. Rxa5 Qxg2+ 22. Kxg2 cxb3 23. Rac5 Bxd6 24. exd6 Rxd6 25. Rc7 Rd2 26. R1c6 h5 27. Be5 b2 28. Bxb2 Rxb2 29. Rb6 Bd3 30. Kf3 b3 31. Rbb7 Bg6 32. Rc3 Rxa4 33. Rcxb3 Rc2 34. Rb8+ Kh7 35. R8b4 Raa2 0-1


[Site "https://www.chess.com"]

[Event "Titled Tuesday Blitz February 14 Early 2023"]
[White "Postny, Evgeny"]
[Black "Dardha, Daniel"]
[WhiteFideId "2804344"]
[BlackFideId "240990"]
[WhiteElo "2549"]
[BlackElo "2631"]
[Result "0-1"]
[Round "04"]
[TimeControl "180+2"]
[Date "2023.02.15"]
[WhiteClock "0:00:04"]
[BlackClock "0:00:51"]

1. Nf3 d5 2. c4 d4 3. g3 Nc6 4. Bg2 e5 5. d3 Bc5 6. O-O Nge7 7. Na3 a5 8. Nc2 O-O 9. b3 Bg4 10. a3 Qd7 11. Rb1 Ng6 12. b4 Be7 13. b5 Nd8 14. Re1 Bh3 15. Bh1 Ne6 16. Nd2 Rab8 17. a4 f5 18. Nb3 b6 19. Bc6 Qc8 20. e3 dxe3 21. Nxe3 Bb4 22. Bd2 Ng5 23. Bxb4 axb4 24. Qh5 Qd8 25. Bg2 Bxg2 26. Nxg2 f4 27. gxf4 Nxf4 28. Nxf4 Rxf4 29. Re3 Qf6 30. Rf1 Rf8 31. Rg3 Rxf2 32. Qd1 Rxf1+ 33. Qxf1 Qxf1# 0-1


[Site "https://www.chess.com"]

[Event "Titled Tuesday Blitz February 14 Early 2023"]
[White "Bharath Subramaniyam H"]
[Black "Murzin, Volodar"]
[WhiteFideId "46634827"]
[BlackFideId "44155573"]
[WhiteElo "2517"]
[BlackElo "2604"]
[Result "1/2-1/2"]
[Round "04"]
[TimeControl "180+2"]
[Date "2023.02.15"]
[WhiteClock "0:00:23"]
[BlackClock "0:01:04"]

1. e4 c6 2. Nf3 d5 3. Nc3 Bg4 4. h3 Bxf3 5. Qxf3 Nf6 6. Be2 e6 7. O-O Nbd7 8. d4 dxe4 9. Nxe4 Nxe4 10. Qxe4 Nf6 11. Qd3 Bd6 12. Qb3 Qc7 13. c4 O-O 14. Bg5 h6 15. Bxf6 gxf6 16. d5 cxd5 17. cxd5 Qb6 18. dxe6 Qxb3 19. axb3 fxe6 20. Bc4 Kf7 21. Rfe1 Rfe8 22. g3 f5 23. f4 Kf6 24. Kg2 a6 25. Rad1 Rad8 26. Re2 Bc7 27. Rxd8 Bxd8 28. Bd5 Re7 29. Bf3 Rd7 30. Rc2 Ba5 31. g4 Rd2+ 32. Rxd2 Bxd2 33. Bxb7 a5 34. Kf3 Bc1 35. b4 axb4 36. b3 e5 37. fxe5+ Kxe5 38. gxf5 Kxf5 39. Bc8+ Ke5 40. Bg4 Kd4 41. Bd7 Bg5 42. Ba4 Kc3 43. Kg4 Bc1 44. Kh5 1/2-1/2


[Site "https://www.chess.com"]

[Event "Titled Tuesday Blitz February 14 Early 2023"]
[White "Hammer, Jon Ludvig"]
[Black "Seo, Jung Min"]
[WhiteFideId "1503707"]
[BlackFideId "1734687"]
[WhiteElo "2636"]
[BlackElo "2494"]
[Result "1/2-1/2"]
[Round "04"]
[TimeControl "180+2"]
[Date "2023.02.15"]
[WhiteClock "0:00:05"]
[BlackClock "0:00:10"]

1. e4 c5 2. Nf3 Nc6 3. Bb5 e6 4. Bxc6 bxc6 5. b3 Ne7 6. d3 Ng6 7. h4 h5 8. e5 f6 9. Qe2 fxe5 10. Qe4 Qf6 11. Bb2 d5 12. Qe3 Bd6 13. Nbd2 Qf4 14. O-O-O Qxe3 15. fxe3 O-O 16. Ba3 Be7 17. Bb2 Bd6 18. Rdf1 Bd7 19. Rf2 Rf7 20. e4 Raf8 21. Kd1 Rf4 22. g3 R4f7 23. Ke2 Rf6 24. Rff1 Be8 25. Ba3 Be7 26. Bb2 Bd6 27. Ba3 Be7 28. Rf2 R6f7 29. Rhf1 Bd7 30. Nb1 Be8 31. Nc3 c4 32. Bxe7 cxd3+ 33. cxd3 Rxe7 34. Na4 Rf6 35. Nc5 Bf7 36. Ng5 Rxf2+ 37. Rxf2 Nf8 38. Ke3 Be8 39. Rc2 Kh8 40. Ke2 Kg8 41. b4 Kh8 42. Rc3 Kg8 43. Ra3 g6 44. Ra6 Kg7 45. Ke3 Kf6 46. Ke2 Kg7 47. Kd2 Kf6 48. Ke3 Nh7 49. Nxh7+ Rxh7 50. Ra3 Rc7 51. Rb3 Rc8 52. Rb1 Kg7 53. Nxe6+ Kf6 54. Nc5 d4+ 55. Kd2 Bf7 56. a3 Ke7 57. Rf1 Ra8 58. Nb7 Rb8 59. Na5 Rb6 60. Rc1 Kd6 61. Rc5 Be6 62. Ke2 Ra6 63. Kf3 Rb6 64. Kf2 Ra6 65. Kg2 Rb6 66. Kh2 Bf7 67. g4 hxg4 68. Kg3 Be6 69. Kg2 Bf7 70. Kf2 Bg8 71. Kg3 Be6 72. Kh2 Bg8 73. Kh1 Bf7 74. Kg2 Bg8 75. Kg3 Be6 1/2-1/2


[Site "https://www.chess.com"]

[Event "Titled Tuesday Blitz February 14 Early 2023"]
[White "Ozen, Bahadir"]
[Black "Zhigalko, Sergei"]
[WhiteFideId "6337058"]
[BlackFideId "13502956"]
[WhiteElo "2369"]
[BlackElo "2572"]
[Result "1/2-1/2"]
[Round "04"]
[TimeControl "180+2"]
[Date "2023.02.15"]
[WhiteClock "0:00:05"]
[BlackClock "0:00:05"]

1. d4 Nf6 2. c4 e6 3. Nf3 b6 4. g3 Ba6 5. Qc2 Bb4+ 6. Bd2 Be7 7. e4 d5 8. cxd5 Bxf1 9. Kxf1 exd5 10. e5 Ne4 11. Nc3 Nxd2+ 12. Nxd2 Qd7 13. Kg2 Nc6 14. Ne2 Nd8 15. Rad1 O-O 16. Rhe1 Ne6 17. f4 f5 18. exf6 Bxf6 19. Nf3 Rae8 20. b4 c6 21. Ne5 Bxe5 22. dxe5 g5 23. b5 c5 24. Nc3 Nd4 25. Qf2 gxf4 26. gxf4 Kh8 27. Kh1 Re7 28. Rg1 Ref7 29. Qg2 Rxf4 30. Qxd5 Qxd5+ 31. Nxd5 R4f5 32. Nf6 Rxe5 33. Nd7 Rfe8 34. Nxe5 Rxe5 35. Rdf1 Re8 36. Rf7 Nxb5 37. Rgg7 h6 38. Rh7+ Kg8 39. Rhg7+ Kh8 40. Rh7+ Kg8 41. Rhg7+ Kh8 1/2-1/2


[Site "https://www.chess.com"]

[Event "Titled Tuesday Blitz February 14 Early 2023"]
[White "Livaic, Leon"]
[Black "Beerdsen, Thomas"]
[WhiteFideId "14531534"]
[BlackFideId "1030108"]
[WhiteElo "2579"]
[BlackElo "2507"]
[Result "1-0"]
[Round "04"]
[TimeControl "180+2"]
[Date "2023.02.15"]
[WhiteClock "0:00:17"]
[BlackClock "0:00:07"]

1. e4 e5 2. f4 d5 3. exd5 exf4 4. Nf3 Nf6 5. Bb5+ c6 6. dxc6 bxc6 7. Bc4 Bd6 8. Qe2+ Be7 9. d4 O-O 10. O-O Bg4 11. c3 c5 12. Bxf4 cxd4 13. Kh1 Nc6 14. Qf2 Ne4 15. Qc2 dxc3 16. Nxc3 Nxc3 17. Qxc3 Bf6 18. Bxf7+ Rxf7 19. Qxc6 Bxb2 20. Rad1 Qe8 21. Qc4 Be6 22. Qc2 Rxf4 23. Qxb2 Qf7 24. Rfe1 Rxf3 25. gxf3 Qxf3+ 26. Qg2 Qxg2+ 27. Kxg2 Bxa2 28. Re7 Kh8 29. Rdd7 Rg8 30. Rxa7 Bb1 31. Kg3 h6 32. h4 Bg6 33. Kf4 Kh7 34. Ke5 Bb1 35. Rab7 Bg6 36. Rb2 Bd3 37. Rd2 Bg6 38. Kf4 Rf8+ 39. Kg3 Rg8 40. Red7 Bf5 41. Rd8 Rxd8 42. Rxd8 h5 43. Kf4 Bg4 44. Rd6 Be2 45. Kf5 Bg4+ 46. Ke5 Kg8 47. Rb6 Kf7 48. Rb7+ Kg6 49. Kf4 Kf6 50. Rb6+ Be6 51. Ra6 g6 52. Rb6 Ke7 53. Ke5 Bf5 54. Rb7+ Kd8 55. Kd6 Ke8 56. Re7+ Kf8 57. Rc7 Ke8 58. Ke5 Kd8 59. Ra7 Ke8 60. Kf6 Kd8 61. Re7 Bb1 62. Ke6 Kc8 63. Kd6 Bf5 64. Rg7 Kb8 65. Rc7 Be4 66. Kd7 Bf5+ 67. Kc6 Be4+ 68. Kb6 Bf5 69. Rc6 Ka8 70. Rf6 Kb8 71. Rf8+ Bc8 72. Re8 1-0


[Site "https://www.chess.com"]

[Event "Titled Tuesday Blitz February 14 Early 2023"]
[White "Movahed, Sina"]
[Black "Yeletsky, Ivan"]
[WhiteFideId "42520835"]
[BlackFideId "24180327"]
[WhiteElo "2340"]
[BlackElo "2494"]
[Result "0-1"]
[Round "04"]
[TimeControl "180+2"]
[Date "2023.02.15"]
[WhiteClock "0:00:09"]
[BlackClock "0:00:02"]

1. Nf3 c5 2. e4 e6 3. b3 a6 4. Bb2 Nc6 5. c4 Nf6 6. e5 Ng4 7. g3 Qc7 8. Bg2 Ngxe5 9. Nxe5 Nxe5 10. O-O Nc6 11. Re1 b6 12. Nc3 Be7 13. Nd5 exd5 14. Bxg7 Rg8 15. Bf6 d6 16. Bxd5 Be6 17. Qh5 O-O-O 18. Rxe6 fxe6 19. Bxe6+ Kb8 20. Bc3 Rgf8 21. Bd5 Bf6 22. Re1 Bd4 23. Bxd4 Nxd4 24. f4 Qd7 25. b4 Rde8 26. Re3 cxb4 27. Bg2 Rxe3 28. dxe3 Qf5 29. Qh6 Qb1+ 30. Bf1 Nf3+ 31. Kf2 Rd8 32. Bg2 Nd2 33. Qf6 Rd7 34. Qf8+ Kc7 35. Qa8 a5 36. Ke2 Qc2 37. Bc6 Ne4+ 38. Kf3 Qf2+ 39. Kg4 Qe2+ 40. Kf5 Qh5+ 41. Kxe4 Re7+ 42. Kd3 Qd1# 0-1


[Site "https://www.chess.com"]

[Event "Titled Tuesday Blitz February 14 Early 2023"]
[White "Paichadze, Luka"]
[Black "Ioannidis, Evgenios"]
[WhiteFideId "13602934"]
[BlackFideId "4229274"]
[WhiteElo "2515"]
[BlackElo "2467"]
[Result "1/2-1/2"]
[Round "04"]
[TimeControl "180+2"]
[Date "2023.02.15"]
[WhiteClock "0:00:07"]
[BlackClock "0:00:09"]

1. e4 e5 2. d4 exd4 3. Qxd4 Nc6 4. Qe3 g6 5. Nc3 Bg7 6. Bd2 Nge7 7. O-O-O d6 8. h4 h5 9. Nf3 Bg4 10. Bc4 Qd7 11. Ng5 Ne5 12. Bb5 c6 13. Be2 f6 14. Nf3 Bh6 15. Nxe5 fxe5 16. Qg3 Bxe2 17. Nxe2 Bxd2+ 18. Rxd2 O-O-O 19. Rhd1 Qe6 20. Qa3 Kc7 21. Nc3 Nc8 22. b3 Rhf8 23. f3 Rf4 24. Na4 Qe7 25. Nc5 Rff8 26. Nd3 Qxh4 27. c4 Qe7 28. Nb4 g5 29. Qa5+ Kb8 30. c5 Qc7 31. Qxc7+ Kxc7 32. Nd3 Rfe8 33. b4 b6 34. Rh1 h4 35. Rhd1 d5 36. exd5 Rxd5 37. Nf2 bxc5 38. Rxd5 cxd5 39. Rxd5 cxb4 40. Rb5 Nd6 41. Rxb4 Kd7 42. Rg4 Rg8 43. Nh3 Nf7 44. Ra4 Rc8+ 45. Kd2 Rc7 46. Rg4 Rb7 47. Kc3 Rc7+ 48. Kd3 Rb7 49. Nxg5 Nxg5 50. Rxg5 Rb2 51. a4 Ra2 52. Rg7+ Ke6 53. Rxa7 Rxg2 54. Rh7 Rh2 55. Ke4 Re2+ 56. Kd3 Rf2 57. Ke3 Rh2 58. a5 Ra2 59. a6 Kd5 60. a7 h3 61. Rxh3 Ra3+ 62. Kf2 Rxa7 63. Rh5 Ra2+ 64. Kg3 Ra4 65. Rf5 Rb4 66. Rf8 Rc4 67. Rd8+ Ke6 68. Rd1 Kf5 69. Rh1 Rc3 70. Rh5+ Ke6 71. Kg4 Rc4+ 72. Kg5 Rf4 73. Rh6+ Kd5 74. Rf6 Rxf6 75. Kxf6 e4 76. fxe4+ Kxe4 1/2-1/2


[Site "https://www.chess.com"]

[Event "Titled Tuesday Blitz February 14 Early 2023"]
[White "Mitrabha, Guha"]
[Black "Tanenbaum, Zachary"]
[WhiteFideId "5057000"]
[BlackFideId "2060850"]
[WhiteElo "2507"]
[BlackElo "2261"]
[Result "0-1"]
[Round "04"]
[TimeControl "180+2"]
[Date "2023.02.15"]
[WhiteClock "0:00:02"]
[BlackClock "0:00:16"]

1. Nf3 d5 2. d4 Nf6 3. Bf4 c5 4. e3 Nc6 5. Nbd2 cxd4 6. exd4 Qb6 7. Nb3 Bg4 8. a4 a6 9. a5 Qd8 10. c3 e6 11. Be2 Bd6 12. Bxd6 Qxd6 13. Nc5 Rb8 14. b4 O-O 15. O-O Bxf3 16. Bxf3 e5 17. dxe5 Nxe5 18. Be2 Rfd8 19. Qb3 Nfg4 20. g3 Qh6 21. h4 d4 22. cxd4 Rxd4 23. Rad1 Rd2 24. Bxg4 Nxg4 25. Qf3 Ne5 26. Qe4 Nc6 27. Rfe1 Rxd1 28. Rxd1 Qg6 29. Qf4 h6 30. Rd7 b6 31. Nxa6 Re8 32. axb6 Re1+ 33. Kh2 Ne5 34. Rd8+ Kh7 35. Qd4 Nf3+ 36. Kg2 Nxd4 37. Rd5 Qe4+ 0-1


[Site "https://www.chess.com"]

[Event "Titled Tuesday Blitz February 14 Early 2023"]
[White "Mindlin, Alon"]
[Black "Ter-Sahakyan, Samvel"]
[WhiteFideId "2800071"]
[BlackFideId "13302531"]
[WhiteElo "2435"]
[BlackElo "2617"]
[Result "1-0"]
[Round "04"]
[TimeControl "180+2"]
[Date "2023.02.15"]
[WhiteClock "0:00:19"]
[BlackClock "0:00:03"]

1. d4 Nf6 2. c4 g6 3. Nc3 Bg7 4. e4 d6 5. f3 O-O 6. Be3 Nc6 7. Nge2 a6 8. Qd2 Rb8 9. Nc1 e5 10. d5 Nd4 11. Nb3 c5 12. dxc6 bxc6 13. Nxd4 exd4 14. Bxd4 c5 15. Be3 Be6 16. Be2 Nd7 17. O-O Ne5 18. Rad1 Nxc4 19. Bxc4 Bxc4 20. Rf2 Qa5 21. Bh6 Rxb2 22. Qxb2 Bxh6 23. Kh1 Bg7 24. Rc2 h5 25. Qc1 Bd4 26. Ne2 Bxe2 27. Rxe2 Rb8 28. Qc4 Qb5 29. Qc2 Qd7 30. Qd3 a5 31. h3 a4 32. Rb1 Rxb1+ 33. Qxb1 Kg7 34. Re1 Qe6 35. Qc2 a3 36. Rb1 Bb2 37. Rxb2 axb2 38. Qxb2+ Kh7 39. a4 Qc4 40. Qa1 Qa6 41. a5 c4 42. Kg1 Qa7+ 43. Kf1 Qc5 44. Qc3 Qb5 45. Kf2 Qc5+ 46. Ke2 Qg5 47. Qxc4 Qxg2+ 48. Ke3 Qg1+ 49. Kd2 Kg8 50. a6 Qf2+ 51. Qe2 Qd4+ 52. Kc2 Qa4+ 53. Kc3 Qa5+ 54. Kc2 Qa2+ 55. Kd1 Qa1+ 56. Kd2 Qa2+ 57. Ke3 Qa3+ 58. Kf2 Qc5+ 59. Kg2 Qa3 60. h4 Qa5 61. Kh3 Kh7 62. Qc4 Kg7 63. Qd4+ Kh7 64. a7 Qa6 65. Kg3 Qf1 66. a8=Q Qe1+ 67. Qf2 Qc3 68. Qd5 Qf6 69. Qfd4 Qe7 70. Qa8 f6 71. Qb2 1-0


[Site "https://www.chess.com"]

[Event "Titled Tuesday Blitz February 14 Early 2023"]
[White "Tan, Zhongyi"]
[Black "Bacrot, Etienne"]
[WhiteFideId "8603642"]
[BlackFideId "605506"]
[WhiteElo "2517"]
[BlackElo "2667"]
[Result "0-1"]
[Round "04"]
[TimeControl "180+2"]
[Date "2023.02.15"]
[WhiteClock "0:00:01"]
[BlackClock "0:00:03"]

1. c4 e5 2. Nc3 Nc6 3. g3 g6 4. Bg2 Bg7 5. Nf3 Nf6 6. O-O O-O 7. d3 d6 8. Rb1 a5 9. a3 Re8 10. b4 axb4 11. axb4 e4 12. dxe4 Nxe4 13. Nxe4 Rxe4 14. Nd2 Re8 15. Bb2 Bg4 16. Re1 Bxb2 17. Rxb2 Qf6 18. Rb1 Bf5 19. e4 Bd7 20. Qb3 Nd4 21. Qb2 Kg7 22. Nb3 Nc6 23. Qxf6+ Kxf6 24. c5 d5 25. b5 Ne5 26. c6 bxc6 27. Nc5 dxe4 28. Bxe4 Bf5 29. f4 Nc4 30. Rbc1 cxb5 31. Bxa8 Rxa8 32. Nb3 h5 33. Nd4 Bd7 34. Red1 Be8 35. Nf3 c5 36. Ne5 Nxe5 37. fxe5+ Kxe5 38. Rxc5+ Kf6 39. Rf1+ Kg7 40. Rc7 Rb8 41. Rb1 Kf8 42. Rb4 Rb6 43. Rc8 Ke7 44. Re4+ Re6 45. Rxe6+ fxe6 46. Rb8 Kd6 47. Kf2 Bc6 48. Ke3 Kc5 49. h4 b4 50. Kd2 Be4 51. Re8 Bf5 52. Rc8+ Kd4 53. Rb8 Kc4 54. Rc8+ Kb3 55. Ke3 Ka3 56. Kd4 e5+ 57. Kxe5 b3 58. Ra8+ Kb4 59. Kd4 Bd7 60. Rb8+ Bb5 61. Ke3 b2 0-1


[Site "https://www.chess.com"]

[Event "Titled Tuesday Blitz February 14 Early 2023"]
[White "Korchmar, Vasiliy"]
[Black "Indjic, Aleksandar"]
[WhiteFideId "24131750"]
[BlackFideId "911925"]
[WhiteElo "2438"]
[BlackElo "2618"]
[Result "0-1"]
[Round "04"]
[TimeControl "180+2"]
[Date "2023.02.15"]
[WhiteClock "0:00:03"]
[BlackClock "0:00:25"]

1. e4 e5 2. Nf3 Nc6 3. Bc4 Nf6 4. d3 d5 5. exd5 Nxd5 6. O-O Be7 7. Re1 Bg4 8. h3 Bh5 9. Nbd2 O-O 10. Ne4 Nb6 11. Bb3 Kh8 12. Ng3 Bxf3 13. Qxf3 f5 14. Qh5 g6 15. Qh6 Bf6 16. f4 Bg7 17. Qg5 Qxg5 18. fxg5 a5 19. c3 a4 20. Bc2 Rfd8 21. h4 a3 22. bxa3 Nd5 23. h5 Nxc3 24. h6 Bf8 25. Bb2 Rxa3 26. Bxa3 Bxa3 27. Bb3 Nb5 28. Ba4 Nbd4 29. Bxc6 Nxc6 30. Rab1 b6 31. Kh1 Kg8 32. Rb3 Bc5 33. Rc1 Nd4 34. Rxc5 bxc5 35. Rb7 Ne6 36. a4 Rxd3 37. Kh2 Ra3 38. Ra7 c4 39. Ne2 c3 40. a5 c2 41. a6 Kf7 42. Ra8 Ke7 43. a7 Nd8 44. Nc1 Kd7 45. Kg1 e4 46. Kf2 f4 47. Ke2 f3+ 48. gxf3 exf3+ 49. Kf2 Ne6 50. Rh8 Rxa7 51. Rxh7+ Kd6 52. Rg7 Nxg7 0-1


[Site "https://www.chess.com"]